 Dungeon Crawl Stone Soup version 0.24-a0-170-gd8427f5388 (webtiles) character file.

Game seed: 15466969283345805809

718 Maize the Chopper (level 7, -6/94 HPs)
             Began as a Minotaur Berserker on Mar 9, 2019.
             Was a Believer of Trog.
             Mangled by an ogre
             ... wielding a +0 giant spiked club
              (12 damage)
             ... on level 4 of the Dungeon.
             The game lasted 00:05:23 (2573 turns).

Maize the Chopper (Minotaur Berserker)              Turns: 2573, Time: 00:05:24

Health: -6/94      AC: 13    Str: 29    XL:     7   Next: 42%
Magic:  6/6        EV:  8    Int:  4    God:    Trog [**....]
Gold:   211        SH:  0    Dex:  9    Spells: 6/6 levels left

rFire    . . .     SeeInvis .   a - +0 hand axe
rCold    . . .     Gourm    +   (no shield)
rNeg     . . .     Faith    .   e - +0 plate armour
rPois    .         Spirit   .   (helmet restricted)
rElec    .         Reflect  .   (no cloak)
rCorr    .         Harm     .   y - +0 pair of gloves
MR       .....                  (no boots)
Stlth    ..........             n - amulet of the gourmand
HPRegen  0.25/turn              (no ring)
MPRegen  0.10/turn              (no ring)

@: berserking, very quick
A: retaliatory headbutt, horns 2
a: Berserk, Trog's Hand, Renounce Religion


You were on level 4 of the Dungeon.
You worshipped Trog.
Trog was pleased with you.
You were very full.

You visited 1 branch of the dungeon, and saw 4 of its levels.

You collected 211 gold pieces.

Inventory:

Hand Weapons
 a - a +0 hand axe (weapon)
Armour
 e - a +0 plate armour (worn)
 w - a +0 troll leather armour {Purgy}
 y - a +0 pair of gloves (worn)
Jewellery
 n - an amulet of the gourmand (around neck)
 t - an uncursed ring of stealth {unknown}
 v - a cursed ring of attention {unknown}
Scrolls
 b - a scroll of teleportation {unknown}
 f - 2 scrolls of blinking {unknown}
 g - a scroll of noise {unknown}
 h - 3 scrolls of remove curse {unknown}
 j - a scroll of fear {unknown}
 l - a scroll of fog {unknown}
 m - 5 scrolls of identify {unknown}
 r - a scroll of magic mapping {unknown}
 u - a scroll of enchant weapon {unknown}
 x - a scroll of random uselessness {unknown}
Potions
 d - 2 potions of mutation {unknown}
 i - 2 potions of brilliance {unknown}
 k - a potion of invisibility {unknown}
 o - 2 potions of heal wounds {unknown}
 p - a potion of might {unknown}
 q - 2 potions of magic {unknown}
 s - a potion of agility {unknown}
Comestibles
 c - 7 rations


   Skills:
 + Level 6.1 Fighting
 * Level 7.8 Axes
 + Level 5.3 Armour
 - Level 2.5 Dodging


You had 6 spell levels left.
You didn't know any spells.
Your spell library was empty.

Dungeon Overview and Level Annotations

Branches:
Dungeon (4/15)
 Temple: D:4-7

Altars:
Elyvilon
Fedhas
Nemelex Xobeh
Yredelemnul


Innate Abilities, Weirdness & Mutations

You reflexively headbutt those who attack you in melee.
You have a pair of horns on your head.


Message History

The ogre barely misses you.
You hit the ogre.
The ogre is moderately wounded.
The ogre hits you but does no damage.
You hit the ogre.
The ogre is heavily wounded.
You completely miss the ogre. You headbutt the ogre!
The ogre is severely wounded.
The ogre hits you with a +0 giant spiked club!!
* * * LOW HITPOINT WARNING * * *
You hit the ogre.
The ogre is severely wounded.
The ogre hits you with a +0 giant spiked club!
* * * LOW HITPOINT WARNING * * *
You completely miss the ogre.
The ogre is severely wounded.
A red film seems to cover your vision as you go berserk!
You feel yourself moving faster!
You feel mighty!
The ogre hits you with a +0 giant spiked club!
You die...

### ###### ## #..
.... ..# #.# #..#
#.#
#.#####..####.####
#.##............ .
#O.......#.#..# #
#@.......#.#..####
#>##.##...........
#.##..#.####..####
#.###.#.####..####
#.###.#.......(†..
#.......####....)#
#####.### #.....#
###### #......##
#....)# .†...##
#.......# #.....#


You could see an ogre.

Vanquished Creatures
  Sigmund (D:4)
  Purgy (D:3)
  A sky beast (D:4)
  An ogre (D:4)
  A scorpion (D:4)
  An iguana (D:4)
  Natasha (twice) (D:4)
  2 worker ants (D:4)
  5 adders
  An ooze (D:1)
  A worm (D:4)
  4 leopard geckos
  An orc (D:3)
  5 bats
  4 giant cockroaches
  4 goblins (D:1)
  7 hobgoblins
  3 jackals (D:3)
  2 quokkas
  A ball python (D:3)
  A ball python skeleton (D:4)
  4 frilled lizards
  6 kobolds
  A leopard gecko skeleton (D:4)
  5 rats
65 creatures vanquished.

Notes
Turn   | Place    | Note
-------+----------+-------------------------------------------
     0 | D:1      | Maize the Minotaur Berserker began the quest for the Orb.
     0 | D:1      | Reached XP level 1. HP: 19/19 MP: 0/0
   183 | D:1      | Reached XP level 2. HP: 24/27 MP: 1/1
   220 | D:1      | Reached skill level 4 in Axes
   530 | D:1      | Found a sparkling altar of Nemelex Xobeh.
   890 | D:2      | Reached XP level 3. HP: 33/33 MP: 2/2
  1088 | D:2      | Found a white marble altar of Elyvilon.
  1148 | D:2      | Found a basalt altar of Yredelemnul.
  1438 | D:3      | Reached XP level 4. HP: 35/41 MP: 3/3
  1461 | D:3      | Reached ** piety under Trog
  1621 | D:3      | Noticed Purgy
  1631 | D:3      | Killed Purgy
  1631 | D:3      | Reached skill level 5 in Axes
  1631 | D:3      | Reached XP level 5. HP: 47/47 MP: 4/4
  1948 | D:4      | Found a blossoming altar of Fedhas.
  1971 | D:4      | Reached skill level 5 in Fighting
  1998 | D:4      | Noticed Natasha
  2002 | D:4      | Reached skill level 6 in Axes
  2007 | D:4      | Killed Natasha
  2007 | D:4      | Reached XP level 6. HP: 39/56 MP: 5/5
  2011 | D:4      | Noticed Sigmund
  2024 | D:4      | Killed Sigmund
  2106 | D:4      | Noticed Natasha
  2121 | D:4      | Killed Natasha
  2121 | D:4      | Reached skill level 7 in Axes
  2139 | D:4      | Noticed a sky beast
  2152 | D:4      | Killed a sky beast
  2152 | D:4      | Reached skill level 5 in Armour
  2152 | D:4      | Reached XP level 7. HP: 39/62 MP: 6/6
  2571 | D:4      | HP: 3/63 [ogre/+0 giant spiked club (14)]
  2573 | D:4      | Mangled by an ogre

Levels and vault maps discovered:
D:1:      dpeg_arrival_stone_temple_mockup, layout_loops_ring,
          nemelex_xobeh_ov_fountains_minmay
D:2:      layout_loops_corners, kennysheep_ying_yang, first_ration
D:3:      layout_rooms, amethyst_killhole, uniq_purgy
D:4:      layout_loops_cross, fedhas_altar_3, glass_columns_a, minmay_cut_off,
          uniq_natasha, uniq_sigmund

Skill      XL: |  1  2  3  4  5  6  7 |
---------------+----------------------+-----
Axes           | 4 5 6 7 |  7.8
Fighting       | 4 5 6 |  6.1
Armour         | 3 4 5 |  5.3
Dodging        | |  2.5

Action                   |  1- 3 |  4- 6 |  7- 9 || total
-------------------------+-------+-------+-------++-------
Melee: Hand axe          |    55 |    80 |    38 ||   173
       Headbutt          |     7 |     8 |     5 ||    20
Invok: Berserk           |       |     2 |     1 ||     3
  Eat: Chunk             |     2 |    14 |     1 ||    17
Armor: Ring mail         |     7 |       |       ||     7
       Chain mail        |    17 |    21 |       ||    38
       Plate armour      |       |     3 |    18 ||    21
Dodge: Dodged            |    30 |    29 |     7 ||    66

Table legend:
 A = Non-vault XP
 B = Vault XP
 C = Vault XP percentage of total XP
 D = Non-vault monster count
 E = Vault monster count
 F = Vault count percentage of total count
                 A         B        C        D         E       F
            +---------+---------+-------+---------+---------+-------
      Total |     611 |     416 |  40.5 |      61 |       4 |   6.2
            +---------+---------+-------+---------+---------+-------
        D:1 |      34 |       0 |   0.0 |      18 |       0 |   0.0
        D:2 |      34 |       0 |   0.0 |       8 |       0 |   0.0
        D:3 |      65 |     138 |  68.0 |      21 |       1 |   4.5
        D:4 |     478 |     278 |  36.8 |      14 |       3 |  17.6
            +---------+---------+-------+---------+---------+-------
